Map: Abyssal Reef LE

Players

MiAmano - Winner!

  • Race: Protoss Protoss
  • Spawn Location: 11:00

A.I. 1 (Medium)

  • Race: Zerg Zerg
  • Spawn Location: 5:00

VOD

Have the link to the VOD?

Description

Time

  • Played on: Dec. 2, 2017, 7:36 a.m.
  • Length: 11:40
Show
View Real Time Build Order
Export as new Build Order

MiAmano Protoss - Winner!

Build Orders: 1 Gate Expand 

Get SALT Encoding   

  12  0:01  Probe (Chrono Boost)  
  13  0:12  Probe (Chrono Boost)  
  14  0:23  Pylon  
  14  0:25  Probe  
  15  0:44  Gateway  
  15  0:51  Probe  
  16  1:03  Probe  
  17  1:23  Nexus  
  17  1:31  Assimilator  
  17  1:35  Assimilator  
  17  1:37  Cybernetics Core  
  17  1:44  Pylon  
  17  1:47  Probe  
  18  1:59  Probe (Chrono Boost)  
  20  2:11  Probe (Chrono Boost)  
  20  2:13  Probe  
  21  2:18  Adept  
  23  2:26  Probe (Chrono Boost)  
  24  2:36  Probe (Chrono Boost)  
  27  2:45  Adept  
  27  2:46  Probe (Chrono Boost)  
  27  2:50  Probe (Chrono Boost)  
  31  2:54  Probe (Chrono Boost)  
  31  2:56  Probe x2 (Chrono Boost)  
  32  3:02  Probe  
  32  3:04  Probe  
  34  3:12  Adept  
  36  3:14  Probe  
  36  3:16  Probe  
  38  3:23  Gateway  
  38  3:26  Probe  
  39  3:28  Probe  
  39  3:29  Assimilator  
  40  3:38  Probe  
  40  3:39  Adept  
  40  3:40  Probe  
  44  3:47  Stargate  
  44  3:50  Probe (Chrono Boost)  
  44  3:51  Robotics Facility  
  45  4:02  Probe (Chrono Boost)  
  46  4:04  Assimilator  
  46  4:13  Pylon  
  46  4:17  Pylon  
  46  4:19  Pylon  
  46  4:31  Probe x2, Adept  
  46  4:35  Stalker  
  52  4:43  Probe  
  53  4:47  Immortal  
  57  4:53  Probe  
  57  4:55  Probe  
  57  4:58  Adept  
  61  5:05  Probe (Chrono Boost), Adept  
  64  5:17  Probe (Chrono Boost)  
  65  5:23  Phoenix (Chrono Boost)  
  65  5:25  Adept  
  69  5:46  Pylon  
  69  5:49  Pylon  
  69  5:52  Pylon  
  69  6:03  Nexus  
  69  6:04  Phoenix  
  69  6:05  Immortal, Sentry  
  69  6:06  Stalker  
  69  6:07  Pylon  
  79  6:25  Forge  
  79  6:29  Phoenix  
  79  6:31  Adept  
  83  6:36  Stalker  
  85  6:44  Pylon  
  85  6:45  Pylon  
  85  6:54  Phoenix  
  85  6:58  Adept  
  85  7:00  Robotics Facility  
  89  7:01  Robotics Facility  
  89  7:02  Protoss Ground Weapons Level 1  
  89  7:06  Stalker  
  89  7:08  Protoss Air Weapons Level 1  
  91  7:11  Immortal  
  95  7:20  Pylon  
  95  7:23  Pylon  
  95  7:25  Stalker  
  97  7:31  Phoenix  
  97  7:36  Adept  
  101  7:38  Probe (Chrono Boost)  
  103  7:49  Probe x3 (Chrono Boost)  
  103  7:50  Immortal  
  109  7:55  Probe, Stalker  
  109  7:56  Phoenix  
  115  7:59  Probe  
  116  8:07  Probe  
  116  8:11  Probe  
  118  8:13  Probe  
  118  8:19  Probe  
  119  8:25  Adept, Probe  
  122  8:29  Immortal  
  122  8:31  Probe  
  127  8:38  Probe  
  128  8:56  Protoss Ground Armor Level 1  
  128  8:58  Adept, Stalker  
  128  9:00  Void Ray  
  130  9:25  Stalker  
  130  9:28  Adept  
  130  9:43  Phoenix  
  132  9:55  Adept, Stalker  
  136  10:08  Phoenix  
  136  10:22  Stalker  
  136  10:25  Adept  
  140  10:33  Void Ray  
  142  10:52  Adept, Stalker  
Show
View Real Time Build Order
Export as new Build Order

A.I. 1 (Medium) Zerg 

Build Orders: Hatch First 

Get SALT Encoding   

  12  0:01  Drone  
  13  0:12  Overlord  
  13  0:16  Drone  
  14  0:31  Drone  
  14  0:33  Drone  
  16  0:36  Drone  
  17  0:55  Hatchery, Drone  
  17  1:11  Spawning Pool  
  17  1:13  Drone  
  17  1:16  Drone  
  18  1:19  Extractor  
  18  1:21  Drone  
  18  1:28  Overlord  
  18  1:59  Zergling x4, Queen  
  18  2:01  Zergling x2, Roach Warren  
  23  2:02  Extractor  
  23  2:07  Drone  
  22  2:11  Drone  
  23  2:24  Baneling Nest  
  23  2:27  Drone  
  23  2:30  Zergling x2  
  23  2:34  Zergling x2  
  25  2:38  Zergling x2  
  26  2:54  Roach  
  26  2:56  Overlord  
  28  3:08  Drone  
  28  3:11  Roach, Drone  
  32  3:15  Drone  
  32  3:18  Drone  
  34  3:22  Drone  
  34  3:26  Drone  
  35  3:27  Baneling  
  35  3:31  Lair  
  35  3:48  Roach  
  35  3:54  Overlord  
  37  4:05  Roach  
  39  4:12  Drone  
  40  4:18  Extractor  
  40  4:19  Overlord  
  40  4:21  Roach  
  40  4:22  Drone  
  42  4:25  Drone  
  42  4:28  Drone  
  42  4:31  Drone, Hydralisk Den  
  43  4:34  Drone  
  43  4:37  Drone  
  46  4:40  Drone  
  46  4:43  Drone  
  48  4:47  Drone  
  48  4:50  Drone  
  50  4:55  Overlord  
  50  4:58  Drone  
  51  5:01  Drone  
  51  5:02  Hydralisk  
  51  5:04  Drone  
  55  5:08  Drone  
  55  5:12  Drone  
  57  5:14  Drone  
  57  5:17  Overlord  
  57  5:19  Roach  
  57  5:20  Drone  
  61  5:24  Drone  
  62  5:29  Drone  
  62  5:35  Drone  
  64  5:40  Drone  
  65  5:45  Overlord, Drone  
  65  5:46  Roach  
  68  5:54  Overseer  
  68  5:56  Overseer  
  68  6:01  Hydralisk, Evolution Chamber, Drone  
  68  6:04  Drone, Spore Crawler  
  71  6:06  Overlord  
  71  6:08  Drone  
  70  6:12  Drone  
  70  6:15  Spore Crawler  
  70  6:17  Drone  
  70  6:18  Hydralisk  
  71  6:20  Drone, Spore Crawler  
  71  6:22  Drone  
  75  6:25  Drone  
  75  6:27  Spore Crawler  
  75  6:31  Overlord  
  74  6:34  Drone  
  74  6:35  Queen  
  77  6:41  Spine Crawler  
  77  6:42  Drone  
  77  6:44  Drone  
  77  6:45  Spine Crawler  
  77  6:48  Roach, Drone  
  77  6:50  Spine Crawler  
  77  6:51  Drone  
  80  6:55  Spine Crawler  
  80  6:57  Queen  
  81  7:03  Infestation Pit  
  81  7:04  Roach, Drone  
  83  7:11  Spire  
  83  7:13  Evolution Chamber, Drone  
  82  7:15  Drone  
  82  7:21  Roach  
  85  7:36  Hydralisk  
  87  7:54  Extractor  
  87  7:55  Drone  
  87  8:05  Overlord, Overseer  
  87  8:17  Drone  
  88  8:37  Hydralisk  
  88  9:06  Pneumatized Carapace  
  88  9:07  Hydralisk, Overlord x2, Overseer  
  88  9:08  Metabolic Boost, Zerg Melee Weapons Level 1, Zerg Ground Armor Level 1  
  88  9:09  Burrow  
  90  9:16  Hatchery  
  88  9:21  Hydralisk  
  73  9:29  Zergling x2, Overseer  
  60  9:37  Roach, Overseer  
  62  9:44  Roach  
  60  9:49  Queen  
  60  9:51  Roach  
  60  9:52  Overseer  
  64  9:54  Overlord  
  64  9:58  Roach  
  62  10:03  Overseer  
  62  10:04  Hydralisk  
  64  10:12  Zergling x2, Overlord  
  64  10:13  Overseer  
  65  10:20  Roach  
  51  10:21  Drone  
  51  10:24  Drone  
  51  10:25  Spine Crawler  
  51  10:27  Mutalisk, Drone  
  51  10:28  Spine Crawler, Queen  
  46  10:31  Drone, Overseer  
  46  10:33  Drone  
  46  10:34  Drone  
  46  10:35  Zergling x2, Overlord  
  43  10:36  Overseer, Drone  
  43  10:40  Drone  
  43  10:42  Roach, Drone  
  42  10:45  Drone  
  42  10:48  Extractor, Drone  
  42  10:49  Roach  
  39  10:51  Hatchery  
  39  10:52  Extractor, Drone  
  39  10:55  Drone, Spore Crawler  
  39  10:56  Mutalisk, Spore Crawler  
  39  10:58  Drone  
  39  11:01  Drone  
  39  11:03  Zergling x2  
  30  11:10  Hydralisk  
  31  11:16  Hatchery  
  27  11:21  Roach  
  27  11:22  Drone x2  
Tags
 
Add a new tag
Caveats
  • Supply blocks, unpowered buildings, or Contaminate may cause inaccurate times.
  • Supply counts are checked every 10 seconds.